Map: Ultralove

Players

wootwoot - Winner!

  • Race: Terran Terran
  • League: Platinum
  • Spawn Location: 1:00

WhatWasThat

  • Race: Zerg Zerg
  • League: Gold
  • Spawn Location: 7:00

VOD

Have the link to the VOD?

Description

Time

  • Played on: April 1, 2025, 7:32 p.m.
  • Length: 4:47
Show
View Real Time Build Order
Export as new Build Order

wootwoot Terran - Winner!

Build Orders:  

Get SALT Encoding   

  12  0:00  SCV  
  13  0:12  SCV  
  14  0:17  Supply Depot  
  14  0:24  SCV  
  14  0:28  Refinery  
  15  0:38  SCV  
  16  0:44  Barracks  
  16  0:51  SCV  
  17  1:01  Barracks  
  17  1:15  Barracks  
  17  1:21  Refinery  
  17  1:31  Reaper  
  18  1:41  Orbital Command  
  18  1:48  Reaper  
  19  2:02  Reaper  
  19  2:03  Reaper  
  19  2:07  Supply Depot  
  21  2:09  SCV  
  22  2:21  Reaper  
  23  2:28  SCV  
  24  2:34  Reaper  
  24  2:35  Reaper  
  26  2:40  SCV  
  27  2:50  Supply Depot  
  27  2:52  SCV  
  27  2:53  Reaper  
  29  3:05  SCV  
  30  3:06  Reaper  
  30  3:11  Reaper  
  30  3:12  Supply Depot  
  31  3:22  SCV  
  31  3:25  Reaper  
  31  3:38  Reaper  
  32  3:43  Reaper  
  33  3:57  Reaper  
  32  4:10  Reaper  
  32  4:11  Barracks x2  
  35  4:33  SCV  
Show
View Real Time Build Order
Export as new Build Order

WhatWasThat Zerg 

Build Orders: Hatch First 

Get SALT Encoding   

  12  0:00  Drone  
  13  0:12  Overlord  
  13  0:16  Drone  
  14  0:31  Drone x2  
  16  0:47  Hatchery  
  15  0:50  Drone  
  15  0:54  Drone  
  17  0:58  Drone  
  18  1:14  Extractor  
  18  1:17  Spawning Pool  
  16  1:18  Drone  
  16  1:19  Drone  
  18  1:29  Drone  
  19  1:39  Overlord  
  19  1:52  Drone  
  20  2:04  Zergling x2  
  20  2:05  Zergling x2  
  20  2:06  Queen x2  
  26  2:16  Spine Crawler  
  26  2:17  Drone x2  
  26  2:22  Metabolic Boost  
  27  2:25  Drone  
  28  2:35  Zergling x4  
  28  2:36  Zergling x2  
  28  2:54  Zergling x6  
  31  2:59  Zergling x2  
  31  3:05  Zergling x4  
  32  3:14  Queen x2  
  34  3:26  Zergling x2  
  36  3:27  Zergling x6  
  36  3:32  Overlord  
  30  3:42  Zergling x6  
  28  3:53  Zergling x2  
  28  3:54  Zergling x2  
  19  4:15  Zergling x6  
  19  4:23  Zergling x2  
Tags
 
Matchup
TvZ
Replay Pack
B2M-Replays
Spawn Locations
Cross Positions
Add a new tag
Caveats
  • Supply blocks, unpowered buildings, or Contaminate may cause inaccurate times.
  • Supply counts are checked every 10 seconds.